 Dungeon Crawl Stone Soup version 0.31.0-4-g52a2dc7128 (webtiles) character file.

Game seed: 6212418370882931514

83 tevo3000 the Ducker (level 4, -1/31 HPs)
             Began as a Djinni Fire Elementalist on Jan 22, 2024.
             Slain by a cerulean imp
             ... wielding a +2 spear
             ... summoned by Natasha
              (4 damage)
             ... on level 4 of the Dungeon.
             The game lasted 00:16:19 (2377 turns).

tevo3000 the Ducker (Djinni Fire Elementalist)      Turns: 2377, Time: 00:16:19

Health: -1/31      AC:  2    Str:  7    XL:     4   Next: 71%
Gold:   201        EV: 13    Int: 19    God:
                   SH:  0    Dex: 13

rFire   + + .        (no weapon)
rCold   x . .        (no shield)
rNeg    . . .        a - +0 robe
rPois   ∞            (no helmet)
rElec   .            (no cloak)
rCorr   .            (no gloves)
SInv    .            (boots unavailable)
Will    .....        (no amulet)
Stlth   ++           (no ring)
HPRegen 0.25/turn    (no ring)
MPRegen 0.00/turn

%: infuse magic (-2 HP)
@: flying, hasted, very quick
A: sickness immunity, fire resistance 2, cold vulnerability 1, float, innate
caster, HP casting, extra vitality 1
a: no special abilities


You were on level 4 of the Dungeon.
You visited 1 branch of the dungeon, and saw 4 of its levels.

You collected 201 gold pieces.

Inventory:

Armour
 a - a +0 robe (worn)
Jewellery
 g - a ring of magical power
 o - a ring of wizardry
Scrolls
 b - a scroll of silence {unknown}
 c - 2 scrolls of identify
 e - a scroll of teleportation {unknown}
 i - 2 scrolls of fog
 j - a scroll of fear {unknown}
 l - 2 scrolls of revelation {unknown}
 m - a scroll of enchant armour {unknown}
 n - a scroll of blinking {unknown}
Potions
 f - 3 potions of lignification {unknown}
 h - a potion of resistance {unknown}
 k - a potion of degeneration {unknown}
 p - a potion of heal wounds {unknown}
 q - 2 potions of ambrosia {unknown}
 r - 2 potions of brilliance {unknown}


   Skills:
 * Level 3.8 Dodging
 + Level 2.3 Stealth
 + Level 3.4 Spellcasting
 + Level 3.4 Conjurations
 + Level 3.4 Hexes
   Level 0.0 Charms
 + Level 3.4 Summonings
 + Level 3.4 Necromancy
 + Level 3.4 Translocations
   Level 0.0 Transmutations
 + Level 3.4 Fire Magic
 + Level 3.4 Ice Magic
 + Level 3.4 Air Magic
 + Level 3.4 Earth Magic
 + Level 3.4 Alchemy


You knew the following spells:

 Your Spells              Type           Power      Damage    Failure   Level
a - Foxfire               Conj/Fire      64%        2x1d7     3%          1
b - Scorch                Fire           32%        2d6       5%          2
c - Volatile Blastmotes   Fire/Tloc      32%        2d12      11%         3
d - Inner Flame           Hex/Fire       16%        N/A       11%         3
e - Flame Wave            Conj/Fire      16%        2d7       34%         4
f - Necrotise             Necr           64%        1d7       3%          1
Your spell library was empty.

Dungeon Overview and Level Annotations

Branches:
Dungeon (4/15)
 Temple: D:4-7

Altars:
Makhleb
Trog

Shops:
D:2 !

Annotations:
D:3 2 transporters, jujuben's ghost, amateur GrEE
D:4 Natasha


Innate Abilities, Weirdness & Mutations

You are immune to sickness and miasma.
You are immune to poison.
Your flesh is very heat resistant. (rF++)
You are vulnerable to cold. (rC-)
You float through the air rather than walking.
You learn spells naturally, not from books.
Your magical power is your life essence.
You have superior vitality. (+4 MHP)


Message History

Confirm with . or Enter, or press ? or * to list all spells.
You conjure some foxfire!
The adder bites you.
Natasha casts a spell.
The foxfire hits the cerulean imp.
The cerulean imp is lightly wounded.
The foxfire hits the adder.
You kill the adder!
Natasha mumbles some strange words.
Casting: Foxfire (safe; 3% risk of failure)
Confirm with . or Enter, or press ? or * to list all spells.
You conjure some foxfire!
The cerulean imp barely misses you.
Natasha mumbles some strange words.
The foxfire hits the cerulean imp.
The cerulean imp is moderately wounded.
The foxfire hits the cerulean imp.
The cerulean imp is heavily wounded.
The cerulean imp hits you from afar with a +2 spear.
Your magical contamination has completely faded away.
Casting: Foxfire (safe; 3% risk of failure)
Confirm with . or Enter, or press ? or * to list all spells.
You conjure some foxfire!
The cerulean imp misses you. The cerulean imp barely misses you.
The foxfire hits the cerulean imp.
The cerulean imp is severely wounded.
The foxfire hits the cerulean imp.
The cerulean imp is almost dead.
The cerulean imp attacks as it pursues you!
The cerulean imp hits you from afar with a +0 spear.
The cerulean imp attacks as it pursues you!
The cerulean imp closely misses you.
As you read the scroll labelled MAAHOI KETYCY, it crumbles to dust.
It is a scroll of identify.
i - 2 scrolls of fog The cerulean imp hits you from afar with a +0 spear.
* * * LOW HITPOINT WARNING * * *
The cerulean imp hits you from afar with a +2 spear.
* * * LOW HITPOINT WARNING * * *
You feel yourself speed up. The cerulean imp closely misses you.
The cerulean imp hits you from afar with a +2 spear.
You die...

.....#....# #..#............##.
..........#+#.B.....(........#.
.......?..B....#....###......#.
...............#.............#.
.###...........#.............#.
#......######5B......#....#.
#....... #.55.#.....#....#.
#......... #..h.#.....#....#.
............#@..)#..........#+
.......##...#....#............
#....## ####....#............
.....#.....##.....
......#.....##.....
......##########.... .......
#.... +####... #.... #....


You could see Natasha, 3 cerulean imps and a giant cockroach.

Vanquished Creatures
  2 adders
  6 orcs (D:3)
  7 ball pythons
  7 bats
  5 endoplasms
  3 giant cockroaches
  2 goblins
  3 hobgoblins (D:1)
  5 jackals
  3 kobolds
  A quokka (D:3)
  2 frilled lizards (D:1)
  8 rats
54 creatures vanquished.

Vanquished Creatures (others)
  105 foxfires
105 creatures vanquished.

Grand Total: 159 creatures vanquished

Notes
Turn   | Place    | Note
-------+----------+-------------------------------------------
     0 | D:1      | tevo3000 the Djinni Fire Elementalist began the quest for
                  | the Orb.
     0 | D:1      | tevo3000 set off with the following spells memorised:
                  | Foxfire, Scorch, Volatile Blastmotes, Inner Flame, Flame
                  | Wave.
     0 | D:1      | Reached XP level 1. HP: 15/15 MP: 0/0
    63 | D:1      | Reached XP level 2. HP: 20/21 MP: 0/0
   387 | D:1      | Reached XP level 3. HP: 24/25 MP: 0/0
   387 | D:1      | Learned a level 1 spell: Necrotise
   872 | D:2      | Found Yrphuolega's Distillery.
   948 | D:2      | Found a bloodstained altar of Trog.
  1743 | D:3      | Found a faded altar of an unknown god.
  1826 | D:3      | Reached XP level 4. HP: 31/31 MP: 0/0
  1936 | D:3      | Found a transporter.
  1939 | D:3      | Noticed jujuben's ghost (amateur GrEE)
  1940 | D:3      | Noticed an ogre
  1940 | D:3      | Identified the +1 dire flail of Havoc {heavy, SInv}
  1940 | D:3      | Noticed an ogre
  1941 | D:3      | Noticed an ogre
  1947 | D:3      | Found a transporter.
  1989 | D:3      | Found a burning altar of Makhleb.
  2352 | D:4      | Noticed Natasha
  2377 | D:4      | Slain by a cerulean imp

Illustrated notes

Levels and vault maps discovered:
D:1:      spicycebolla_arrival_transporter_tutorial, layout_loops_ring,
          chequers_arboretum, minmay_tromino_v7
D:2:      layout_basic, basic_altar, serial_shops, shop_statue, st_stairs_1
D:3:      layout_rooms, bloody_makhleb, gammafunk_ghost_smash,
          shapermc_ecumenical_altar_petra, minmay_parallelograms
D:4:      layout_basic, nicolae_wu_jian_glorious_leap, fountainhead,
          minmay_joined_circles, uniq_duvessa, uniq_natasha

Skill      XL: |  1  2  3 |
---------------+----------+-----
Dodging        | 3 |  3.8
Stealth        | 2 |  2.3
Spellcasting   | |  3.4
Conjurations   | |  3.4
Hexes          | |  3.4
Summonings     | |  3.4
Necromancy     | |  3.4
Translocations | |  3.4
Fire Magic     | |  3.4
Ice Magic      | |  3.4
Air Magic      | |  3.4
Earth Magic    | |  3.4
Alchemy        | |  3.4

Action                     |  1- 3 |  4- 6 || total
---------------------------+-------+-------++-------
  Melee: Unarmed           |     2 |       ||     2
   Cast: Foxfire           |    68 |    16 ||    84
         Volatile Blastmot |     1 |     2 ||     3
         Scorch            |       |     6 ||     6
    Use: Potion            |     1 |     1 ||     2
         Scroll            |       |     1 ||     1
 Armour: Robe              |    19 |     9 ||    28
  Dodge: Dodged            |    23 |     6 ||    29
